 Dungeon Crawl Stone Soup version 0.18-a0-824-g47fe746 (webtiles) character file.

996 tof the Covered (level 7, -11/61 HPs)
             Began as a Minotaur Monk on Dec 17, 2015.
             Was a Follower of Fedhas.
             Engulfed by a cloud of flame (19 damage)
             ... on level 5 of the Dungeon.
             The game lasted 00:40:08 (4620 turns).

tof the Covered (Minotaur Monk)                     Turns: 4620, Time: 00:40:08

Health: -11/61     AC:  6    Str: 19    XL:     7   Next: 99%
Magic:  6/6        EV: 13    Int:  7    God:    Fedhas [*.....]
Gold:   231        SH:  3    Dex: 14    Spells: 0 memorised, 6 levels left

rFire  . . .     SeeInvis .     k - +2 spear (venom)
rCold  . . .     Gourm    .     i - +0 ring mail
rNeg   . . .     Faith    +     l - +0 buckler
rPois  +         Spirit   .     (helmet restricted)
rElec  .         Dismiss  .     (no cloak)
rCorr  .         Reflect  .     (no gloves)
SustAt .         Harm     .     (no boots)
MR     .....                    j - amulet of faith
Stlth  +.........               n - +3 ring of strength
                                o - ring of poison resistance

@: not resistant to hostile enchantments, very unstealthy
A: retaliatory headbutt, horns 2
a: Evolution, Renounce Religion


You were on level 5 of the Dungeon.
You worshipped Fedhas.
Fedhas was aware of your devotion.
You were not hungry.

You visited 1 branch of the dungeon, and saw 6 of its levels.

You collected 231 gold pieces.

Inventory:

Hand Weapons
 a - a +4 mace
 g - a +0 mace of crushing
 k - a +2 spear of venom (weapon)
Armour
 i - a +0 ring mail (worn)
 l - a +0 buckler (worn)
Jewellery
 j - an amulet of faith (around neck)
 n - a +3 ring of strength (right hand)
 o - a ring of poison resistance (left hand)
Wands
 e - a wand of enslavement (8)
Scrolls
 p - a scroll of identify
Potions
 c - 2 potions of curing
 d - a potion of might
 h - 3 potions of invisibility
 q - 2 potions of haste
 r - a potion of magic
Comestibles
 b - a bread ration
 f - a beef jerky
 m - 10 fruits


   Skills:
 + Level 5.3 Fighting
 + Level 3.2 Maces & Flails
 + Level 7.1 Armour
 + Level 5.5 Dodging
 + Level 2.2 Stealth
 + Level 5.0 Unarmed Combat
 + Level 1.3 Invocations
 + Level 0.1 Evocations


You had 6 spell levels left.
You didn't know any spells.

Dungeon Overview and Level Annotations

Branches:
Dungeon (6/15)
 Temple: D:4-7

Altars:
Ashenzari
Dithmenos
Fedhas
Kikubaaqudgha
Ru
Vehumet
Zin


Innate Abilities, Weirdness & Mutations

You reflexively headbutt those who attack you in melee.
You have a pair of horns on your head.


Message History

Found 25 gold pieces and a curved gold wand.
Really walk into a travel-excluded area?
Press: ? - help, v - describe, . - travel The floor.
There is a cloud of flame here.
Okay, then.
Read which item? (? for menu, Esc to quit)
Okay, then.
Drink which item? (? for menu, Esc to quit)
Okay, then.
Really walk into a travel-excluded area?
Really walk into that cloud of flame?
You are engulfed in roaring flames.
Really walk into that cloud of flame?
You are engulfed in roaring flames.
You are engulfed in roaring flames.
* * * LOW HITPOINT WARNING * * *
You are engulfed in roaring flames.
You die...
Fedhas appreciates your contribution to the ecosystem.

#.# #.#####.......).#
#.# #.#
#.##......#..##.# #.#
#.# #..<..#####..##.#
#.# #.#
####..#####..##># #.#
#.# #........^##[# #.#
#.###
####...#####.#######.#
#...# #§§§#
#.......... ###.#
#§§§# #.()>....#. #.#
#§@§# #####.####. #.#
#...# #...... #.#
§..)..§ #.##### #.#
§§§.?.?.§§§ #.# #.#
#.§§§.$/..§§§.# ...
#.########...#####.
... #....# #§§§# ..
###### #§§§#


There were no monsters in sight!

Vanquished Creatures
  A phantom (D:4)
  Blork the orc (D:5)
  A gnoll sergeant (D:5)
  Jessica (D:3)
  Terence (D:3)
  2 orc wizards (D:4)
  A worker ant (D:4)
  A hound zombie (D:5)
  A worker ant zombie (D:5)
  A hound skeleton (D:4)
  2 river rats (D:4)
  2 gnolls (D:5)
  9 adders
  An ooze (D:3)
  3 worms (D:2)
  4 orcs
  6 hobgoblins
  6 jackals
  A quokka (D:5)
  2 ball pythons
  12 bats
  13 giant cockroaches
  2 giant geckos
  7 giant newts
  14 goblins
  14 kobolds
  A quokka skeleton (D:4)
  12 rats
122 creatures vanquished.

Vanquished Creatures (collateral kills)
  Grinder (D:4)
  Sigmund (D:4)
  2 phantoms (D:4)
  An orc warrior (D:4)
  A crimson imp (D:4)
  An orc priest (D:4)
  An orc wizard (D:4)
  Robin (D:4)
  7 gnolls
  2 river rats (D:4)
  A giant gecko (D:4)
  A giant cockroach (D:4)
  6 goblins (D:4)
  A giant newt (D:4)
  A kobold (D:4)
28 creatures vanquished.

Vanquished Creatures (others)
  2 oklob plants (D:4)
  A gnoll sergeant (D:5)
  A centaur skeleton (D:5)
  A plant (D:4)
  8 toadstools (D:2)
13 creatures vanquished.

Grand Total: 163 creatures vanquished

Notes
Turn   | Place    | Note
--------------------------------------------------------------
     0 | D:1      | tof the Minotaur Monk began the quest for the Orb.
     0 | D:1      | Reached XP level 1. HP: 19/19 MP: 0/0
   224 | D:1      | Found a shattered altar of Ashenzari.
   341 | D:1      | Reached XP level 2. HP: 17/27 MP: 1/1
   956 | D:2      | Reached XP level 3. HP: 28/33 MP: 2/2
  1663 | D:2      | Reached skill level 5 in Unarmed Combat
  1673 | D:2      | Found a blossoming altar of Fedhas.
  1714 | D:2      | Became a worshipper of Fedhas Madash
  1714 | D:2      | Reached * piety under Fedhas
  1714 | D:2      | Reached ** piety under Fedhas
  1720 | D:2      | Noticed an oklob plant
  1867 | D:2      | Reached skill level 1 in Maces & Flails
  1979 | D:2      | Reached skill level 1 in Armour
  2019 | D:2      | Found a shadowy altar of Dithmenos.
  2056 | D:2      | Reached XP level 4. HP: 38/40 MP: 3/3
  2329 | D:3      | Noticed Terence
  2335 | D:3      | Found a radiant altar of Vehumet.
  2355 | D:3      | Killed Terence
  2492 | D:3      | Found a sacrificial altar of Ru.
  2531 | D:3      | Noticed Jessica
  2537 | D:3      | Reached XP level 5. HP: 35/47 MP: 4/4
  2563 | D:3      | Killed Jessica
  3070 | D:4      | Noticed a phantom
  3074 | D:4      | Noticed an orc warrior
  3080 | D:4      | Noticed Grinder
  3103 | D:4      | Reached XP level 6. HP: 10/53 MP: 1/5
  3106 | D:4      | Gained mutation: You are partially covered in rugged brown scales (AC +1, +3% HP). [potion of beneficial mutation]
  3148 | D:4      | Killed Grinder
  3148 | D:4      | Reached skill level 5 in Dodging
  3226 | D:4      | Reached skill level 5 in Armour
  3401 | D:4      | Noticed Robin
  3402 | D:4      | Killed Robin
  3421 | D:4      | Noticed Sigmund
  3443 | D:4      | Reached skill level 5 in Fighting
  3443 | D:4      | Reached XP level 7. HP: 56/62 MP: 6/6
  3461 | D:4      | Killed Sigmund
  3462 | D:4      | Reached skill level 6 in Armour
  3573 | D:4      | Lost mutation: You are partially covered in rugged brown scales (AC +1, +3% HP). [potion of cure mutation]
  3577 | D:4      | Reached skill level 1 in Invocations
  3891 | D:5      | Entered Level 5 of the Dungeon
  3963 | D:5      | Found an ancient bone altar of Kikubaaqudgha.
  4421 | D:5      | Noticed Blork the orc
  4429 | D:5      | Killed Blork the orc
  4429 | D:5      | Reached skill level 7 in Armour
  4481 | D:5      | Found a glowing silver altar of Zin.
  4620 | D:5      | Engulfed by a cloud of flame

Vault maps used:
D:1:      dpeg_arrival_water_fire, ashenzari_altar_1
D:2:      grunt_dithmenos_smoke_and_mirrors, tgw_fedhas, first_bread
D:3:      vehumet_crystals, nicolae_ru_path_of_blood, lemuel_doored_altar,
          portal_sewer_entry_e, minmay_surrounded, uniq_terence, uniq_jessica
D:4:      wad_woods_tower, uniq_sigmund, uniq_grinder, uniq_robin
D:5:      lemuel_crystal_altar, zin_academy, minitemple, lemuel_flame_loot_1,
          uniq_blork_the_orc, uniq_eustachio
D:6:      minmay_temple_entry_junction, hex_intersection, uniq_edmund,
          uniq_prince_ribbit1

Action                   |  1- 3 |  4- 6 |  7- 9 || total
-------------------------+-------+-------+-------++-------
Melee: Club              |   115 |    58 |       ||   173
       Unarmed           |     7 |       |       ||     7
       Mace              |       |    71 |    32 ||   103
       Spear             |       |       |    21 ||    21
Invok: Evolution         |       |     3 |       ||     3
Evoke: Wand              |       |       |     6 ||     6
  Use: Scroll            |       |     5 |     6 ||    11
       Potion            |       |     9 |     7 ||    16
 Stab: Invisible         |       |       |     1 ||     1
       Sleeping          |       |       |     1 ||     1
  Eat: Chunk             |     3 |       |       ||     3
       Meat ration       |       |     1 |       ||     1
       Beef jerky        |       |     1 |       ||     1
       Bread ration      |       |       |     1 ||     1
